 Dungeon Crawl Stone Soup version 0.30.1-11-g7821555f0a (webtiles) character file.

Game seed: 3683322647367353113

43 Eitelfritz the Slasher (level 3, 0/30 HPs)
             Began as a Minotaur Gladiator on Dec 30, 2023.
             Slain by Grinder (10 damage)
             ... on level 3 of the Dungeon.
             The game lasted 00:02:16 (1180 turns).

Eitelfritz the Slasher (Minotaur Gladiator)         Turns: 1180, Time: 00:02:17

Health: 0/30       AC:  3    Str: 18    XL:     3   Next: 37%
Magic:  2/2        EV: 12    Int:  7    God:
Gold:   47         SH:  0    Dex: 11    Spells: 2/2 levels left

rFire   . . .        a - +0 long sword
rCold   . . .        (no shield)
rNeg    . . .        b - +0 leather armour
rPois   .            c - +0 hat
rElec   .            (no cloak)
rCorr   .            (no gloves)
SInv    .            (no boots)
Will    .....        (no amulet)
Stlth   +            (no ring)
HPRegen 0.25/turn    (no ring)
MPRegen 0.08/turn

%: no passive effects
@: no status effects
A: horns 2, retaliatory headbutt
a: no special abilities


You were on level 3 of the Dungeon.
You visited 1 branch of the dungeon, and saw 3 of its levels.

You collected 47 gold pieces.

Inventory:

Hand Weapons
 a - a +0 long sword (weapon)
Missiles
 d - 2 throwing nets (quivered)
 e - a javelin
Armour
 b - a +0 leather armour (worn)
 c - a +0 hat (worn)
Scrolls
 g - a scroll of summoning {unknown}
 h - a scroll of silence {unknown}
Potions
 f - a potion of resistance {unknown}


   Skills:
 + Level 2.9 Fighting
 + Level 4.3 Long Blades
 + Level 2.0 Throwing
 + Level 1.1 Armour
 + Level 3.9 Dodging


You had 2 spell levels left.
You didn't know any spells.
Your spell library contained the following spells:

 Spells                   Type           Power      Damage    Failure   Level
 Apportation              Tloc           0%         N/A       50%         1
 Magic Dart               Conj           0%         1d3       50%         1
 Call Imp                 Summ           0%         N/A       63%         2
 Mephitic Cloud           Conj/Pois/Air  0%         N/A       86%         3
 Alistair's Intoxication  Tmut/Pois      0%         N/A       100%        5


Dungeon Overview and Level Annotations

Branches:
Dungeon (3/15)

Altars:

Annotations:
D:2 Sigmund
D:3 Grinder


Innate Abilities, Weirdness & Mutations

You have a pair of horns on your head.
You reflexively headbutt those who attack you in melee.


Message History

The jackal bites you but does no damage.
Okay, then.
Unknown command.
You hit Grinder. You headbutt Grinder, but do no damage.
Grinder is lightly wounded.
The bat hits you but does no damage. The jackal misses you. Grinder hits you!
You writhe in agony.
The bat hits you but does no damage.
Unknown command.
Throw: 3 throwing nets
Press: ? - help, Q - select action, (/) - cycle Shift-Dir - straight line, f - Grinder
Aim: Grinder (lightly wounded, 53% to hit)
You throw a throwing net. The throwing net hits Grinder.
Grinder is caught in the net!
Grinder is lightly wounded.
The bat hits you but does no damage. The hobgoblin closely misses you.
You furiously retaliate!
You headbutt the hobgoblin!
You kill the hobgoblin!
Grinder blinks!
The jackal bites you but does no damage.
The jackal completely misses you.
The jackal bites you but does no damage.
The rat barely misses you. You furiously retaliate!
You headbutt the rat.
You kill the rat!
You see here a throwing net.
The bat attacks as you move away! The bat hits you.
The jackal attacks as you move away! The jackal barely misses you.
The bat barely misses you. The bat barely misses you.
Grinder says, "Just stop there for a second..."
You barely miss Grinder.
Grinder is lightly wounded.
The bat barely misses you. You furiously retaliate!
You headbutt the bat.
You kill the bat!
The jackal bites you. The jackal misses you. Grinder barely misses you.
The jackal barely misses you. The jackal misses you.
You hit Grinder. You headbutt Grinder.
Grinder is moderately wounded.
The jackal bites you but does no damage. x2
Grinder hits you!
You die...

# ########..
##..†......
##.(........
#.hh........
#.@....>....
#.5.........
#..........[
#...........
##..........
##.....#...
##########


You could see Grinder and 2 jackals.

Vanquished Creatures
  2 dart slugs (D:1)
  3 endoplasms (D:1)
  A giant cockroach (D:1)
  4 goblins
  3 hobgoblins
  4 jackals
  3 quokkas (D:1)
  A ball python (D:1)
  3 bats
  A frilled lizard (D:1)
  4 kobolds
  6 rats
35 creatures vanquished.

Vanquished Creatures (others)
  A kobold (D:1)
1 creature vanquished.

Grand Total: 36 creatures vanquished

Notes
Turn   | Place    | Note
-------+----------+-------------------------------------------
     0 | D:1      | Eitelfritz the Minotaur Gladiator began the quest for the
                  | Orb.
     0 | D:1      | Reached XP level 1. HP: 18/18 MP: 0/0
   134 | D:1      | Reached skill level 4 in Long Blades
   134 | D:1      | Reached XP level 2. HP: 19/25 MP: 1/1
   325 | D:1      | Found a faded altar of an unknown god.
   556 | D:1      | Reached XP level 3. HP: 29/30 MP: 2/2
   623 | D:1      | Reached skill level 1 in Armour
  1139 | D:2      | Noticed Sigmund
  1165 | D:3      | Noticed Grinder
  1166 | D:3      | Paralysed by Grinder for 4 turns
  1180 | D:3      | Slain by Grinder

Illustrated notes

Levels and vault maps discovered:
D:1:      kilobyte_arrival_exit_the_forest, layout_loops_ring,
          chequers_ecumenical_altar_simple_redux
D:2:      layout_basic, uniq_sigmund
D:3:      layout_rooms, uniq_crazy_yiuf_cottage, uniq_grinder

Skill      XL: |  1  2  3 |
---------------+----------+-----
Long Blades    | 4 |  4.3
Armour         | 1 |  1.1
Fighting       | |  2.9
Throwing       | |  2.0
Dodging        | |  3.9

Action                     || total
---------------------------++-------
  Melee: Long sword        ||    73
         Headbutt          ||    10
  Throw: Throwing net      ||     1
 Armour: Leather armour    ||    28
  Dodge: Dodged            ||    71
